 Dungeon Crawl Stone Soup version 0.19.0-22-gd96e5fe (webtiles) character file.

151 kae the Cudgeler (level 5, 0/41 HPs)
             Began as a Formicid Fighter on Nov 19, 2016.
             Killed by nerve-wracking pain
             ... invoked by skk's ghost
              (6 damage)
             ... on level 3 of the Dungeon.
             The game lasted 00:01:45 (1799 turns).

kae the Cudgeler (Formicid Fighter)                 Turns: 1799, Time: 00:01:46

Health: 0/41       AC:  6    Str: 27    XL:     5   Next: 59%
Magic:  5/5        EV:  8    Int:  7    God:
Gold:   68         SH: 10    Dex: 10    Spells: 0 memorised, 4 levels left

rFire  . . .     SeeInvis +     a - +0 flail
rCold  . . .     Gourm    .     b - +0 scale mail
rNeg   . . .     Faith    .     c - +0 shield
rPois  .         Spirit   .     (helmet unavailable)
rElec  .         Reflect  .     (no cloak)
rCorr  .         Harm     .     (no gloves)
MR     .....                    (no boots)
Stlth  ..........               p - amulet of regeneration
                                (no ring)
                                (no ring)

@: mighty, lethally poisoned (0 -> -1)
A: permanent stasis, dig shafts and tunnels, four strong arms, antennae 3
a: Dig, Shaft Self


You were on level 3 of the Dungeon.
You were not hungry.

You visited 1 branch of the dungeon, and saw 4 of its levels.

You collected 68 gold pieces.

Inventory:

Hand Weapons
 a - a +0 flail (weapon)
Armour
 b - a +0 scale mail (worn)
 c - a +0 shield (worn)
Jewellery
 p - an amulet of regeneration (around neck)
 q - a +3 ring of dexterity {unknown}
 v - an uncursed ring of protection from fire {unknown}
Wands
 s - a wand of polymorph (11/24)
Scrolls
 g - 2 scrolls of identify
 h - a scroll of recharging {unknown}
 j - 2 scrolls of immolation {unknown}
 l - a scroll of remove curse {unknown}
 r - a scroll of enchant armour {unknown}
 x - a scroll of enchant weapon {unknown}
 y - a scroll of teleportation {unknown}
Potions
 d - a potion of might
 e - a potion of flight
 i - a potion of haste {unknown}
 n - a potion of magic
 o - a potion of degeneration {unknown}
 t - a potion of agility {unknown}
 u - a potion of curing {unknown}
 w - a potion of lignification {unknown}
Comestibles
 f - a bread ration
 k - 2 beef jerkies
 m - 8 fruits


   Skills:
 - Level 3.2 Fighting
 + Level 5.3 Maces & Flails
 - Level 3.2 Armour
 - Level 3.6 Shields


You had 4 spell levels left.
You didn't know any spells.

Dungeon Overview and Level Annotations

Branches:
Dungeon (4/15)
 Temple: D:4-7

Altars:

Annotations:
D:3 skk's ghost, amateur TrNe


Innate Abilities, Weirdness & Mutations

You are under a permanent stasis effect.
You can dig through walls and to a lower floor.
Your four strong arms can wield two-handed weapons with a shield.
You have a pair of large antennae on your head. (SInv)


Message History

You feel sick.
The worker ant bites you but does no damage.
You feel sick.
You feel sick.
You barely miss the worker ant.
You feel sick. The worker ant bites you.
* * * LOW HITPOINT WARNING * * *
You are more poisoned.
The worker ant poisons you!
The worker ant waves its antennae.
The worker ant bites you but does no damage.
You sock the worker ant!
The worker ant is heavily wounded.
You feel sick.
The worker ant bites you but does no damage.
You sock the worker ant!
You kill the worker ant!
You feel sick.
Skk's ghost gestures at you while chanting.
Pain shoots through your body!
You die...

#...## #....# ...#####..#.##
.......>..#..# #.#.......##.#
#.######.....####### #. #.#
#..#.......... #.
##.####...##..######. ###.##
#..#W†@.#.##).#### {
.....######....####.##.....##
.............### ##.##.#....#
.....####.#.## #......###.....
.....####...######..............
................................
.....##...########......####...
.....##.#.# #......# ..
.....##.#.## #......#


You could see skk's ghost.

Vanquished Creatures
  A bullfrog (D:1)
  A worker ant (D:3)
  2 adders (D:2)
  An ooze (D:1)
  A dart slug (D:1)
  2 leopard geckos
  2 ball pythons (D:1)
  A giant cockroach (D:1)
  3 goblins (D:1)
  9 hobgoblins
  5 kobolds (D:1)
  4 bats
  3 frilled lizards
  5 rats
40 creatures vanquished.

Notes
Turn   | Place    | Note
-------+----------+-------------------------------------------
     0 | D:1      | kae the Formicid Fighter began the quest for the Orb.
     0 | D:1      | Reached XP level 1. HP: 18/18 MP: 1/1
   109 | D:1      | Reached XP level 2. HP: 11/24 MP: 2/2
   325 | D:1      | Reached skill level 3 in Maces & Flails
   461 | D:1      | Reached XP level 3. HP: 14/29 MP: 3/3
   991 | D:1      | Noticed a bullfrog
   997 | D:1      | HP: 1/29 [bullfrog (3)]
  1007 | D:1      | Killed a bullfrog
  1007 | D:1      | Reached skill level 4 in Maces & Flails
  1007 | D:1      | Reached XP level 4. HP: 13/35 MP: 4/4
  1007 | D:1      | Reached XP level 5. HP: 15/41 MP: 5/5
  1466 | D:2      | Reached skill level 5 in Maces & Flails
  1661 | D:2      | You fall through a shaft for 2 floors!
  1778 | D:3      | Noticed skk's ghost (amateur TrNe)
  1799 | D:3      | Killed from afar by skk's ghost

Skill      XL: |  1  2  3  4  5 |
---------------+----------------+-----
Maces & Flails | 3 4 5 |  5.3
Fighting       | |  3.2
Armour         | |  3.2
Shields        | |  3.6

Action                   |  1- 3 |  4- 6 || total
-------------------------+-------+-------++-------
Melee: Flail             |   111 |    58 ||   169
  Use: Potion            |     2 |     1 ||     3
       Scroll            |       |     1 ||     1
  Eat: Chunk             |     1 |     2 ||     3
Armor: Scale mail        |    46 |    42 ||    88
Dodge: Dodged            |    27 |    31 ||    58
Block: Shield            |    58 |    38 ||    96
